 Dungeon Crawl Stone Soup version 0.29-a0-823-gc37b1572da (webtiles) character file.

Game seed: 14000166132453105325

370984 buhh the Alchemist (level 22, -12/168 HPs)
             Began as an Octopode Transmuter on July 8, 2022.
             Was the Champion of Cheibriados.
             Killed from afar by a red draconian scorcher (20 damage)
             ... with damnation
             ... led by a white draconian stormcaller
             ... on level 5 of the Realm of Zot on July 9, 2022.
             The game lasted 01:29:29 (56191 turns).

buhh the Alchemist (Octopode Transmuter)           Turns: 56191, Time: 01:29:30

Health: -12/168    AC: 22    Str: 26 (27) XL:     22   Next: 29%
Magic:  21/36      EV: 57    Int: 43 (44) God:    Cheibriados [******]
Gold:   3520       SH:  0    Dex: 41      Spells: 14/41 levels left

rFire   . . .      SeeInvis +     - Unarmed
rCold   . . .      Faith    .   (shield currently unavailable)
rNeg    . . .      Spirit   .   (helmet currently unavailable)
rPois   ∞          Reflect  .   t - amulet of magic regeneration
rElec   +          Harm     .   j - +6 ring of dexterity
rCorr   .          Rampage  .   c - ring "Tapa" {Dex+3 SInv}
Will    ++...      Clarity  +   M - ring of willpower
Stlth   ++++++....              P - +6 ring of intelligence
HPRegen 0.38/turn               B - +4 ring of evasion
MPRegen 0.65/turn               E - +4 ring of evasion
                                k - +4 ring of evasion
                                Z - +6 ring of dexterity

@: storm-form, flying, very slow
A: cleaving, insubstantial, flying, almost no armour, amphibious, 8 rings,
(camouflage 1), (gelatinous body 1), (nimble swimmer 1), (tentacles), clarity,
clumsy 1, deterioration 1, robust 1
}: 3/15 runes: decaying, serpentine, slimy
a: Blinkbolt, End Transformation, Renounce Religion, Bend Time, Temporal
Distortion, Slouch, Step From Time


You were on level 5 of the Realm of Zot.
You worshipped Cheibriados.
Cheibriados was exalted by your worship.
You were a lightning-filled tempest!
You visited 9 branches of the dungeon, and saw 46 of its levels.
You also visited: Bailey.

You collected 5407 gold pieces.
You spent 1887 gold pieces at shops.

Inventory:

Missiles
 z - 8 throwing nets
Armour
 J - the +1 hat of Xeighane (melded) {rF++}
   (You acquired it on level 5 of the Pits of Slime)

   rF:        It greatly protects you from fire.
Magical Staves
 K - a staff of air (melded)
Jewellery
 c - the ring "Tapa" (right fist) {Dex+3 SInv}
   (You bought it in a shop on level 6 of the Dungeon)

   [ring of see invisible]

   Dex:       It affects your dexterity (+3).
   SInv:      It lets you see invisible.
 h - an amulet of the acrobat
 j - a +6 ring of dexterity (left fist)
 k - a +4 ring of evasion (on tentacle)
 s - a ring of willpower
 t - an amulet of magic regeneration (around neck)
 B - a +4 ring of evasion (on tentacle)
 E - a +4 ring of evasion (on tentacle)
 H - a ring of resist corrosion
 M - a ring of willpower (on tentacle)
 P - a +6 ring of intelligence (on tentacle)
 Z - a +6 ring of dexterity (on tentacle)
Wands
 b - a wand of flame (100)
 e - a wand of charming (38)
 g - a wand of digging (15)
 u - a wand of roots (13)
 F - a wand of polymorph (12)
 X - a wand of quicksilver (8)
Scrolls
 a - 22 scrolls of teleportation {!d}
 f - 7 scrolls of immolation {!d}
 o - 9 scrolls of enchant weapon
 y - 3 scrolls of poison
 C - 4 scrolls of fog
 I - a scroll of brand weapon
 O - 2 scrolls of fear {!r}
 R - 3 scrolls of vulnerability
 T - a scroll of summoning
 U - 3 scrolls of enchant armour
 W - 4 scrolls of amnesia
Potions
 d - 8 potions of resistance {!q!d}
 i - 9 potions of mutation {!d}
 l - 6 potions of haste {!q!d}
 m - 6 potions of cancellation {!q!d}
 n - 8 potions of brilliance {!q!d}
 p - 9 potions of curing {!q!d}
 q - a potion of heal wounds {!q!d}
 r - 5 potions of ambrosia {!q!d}
 w - 4 potions of invisibility {!q!d}
 A - 11 potions of attraction
 D - 7 potions of flight
 L - 6 potions of lignification {!d}
 S - a potion of might
 Y - 2 potions of berserk rage {!q}
Miscellaneous
 v - a box of beasts
 x - a condenser vane
 G - a tin of tremorstones (2/2)
 N - a phial of floods


   Skills:
 * Level 13.4 Fighting
 * Level 13.4 Dodging
 + Level 11.0 Stealth
 - Level 2.0 Shields
 * Level 13.4 Unarmed Combat
 - Level 10.0 Spellcasting
 - Level 12.0 Translocations
 - Level 17.0 Transmutations
 - Level 5.0 Ice Magic
 - Level 15.0 Air Magic
 - Level 13.0 Earth Magic
 - Level 2.0 Poison Magic
 - Level 13.0 Invocations
 - Level 3.0 Evocations


You had 14 spell levels left.
You knew the following spells:

 Your Spells              Type           Power      Damage    Failure   Level
a - Beastly Appendage     Tmut           100%       N/A       0%          1
b - Wereblood             Tmut           100%       N/A       0%          2
c - Statue Form           Tmut/Erth      66%        N/A       1%          6
d - Ice Form              Ice/Tmut       86%        N/A       1%          4
e - Passwall              Tmut/Erth      83%        N/A       0%          2
f - Storm Form            Tmut/Air       51%        N/A       1%          7
g - Manifold Assault      Tloc           90%        N/A       1%          5

Your spell library contained the following spells:

 Spells                   Type           Power      Damage    Failure   Level
 Sandblast                Erth           100%       2d20      0%          1
 Blink                    Tloc           100%       N/A       0%          2
 Sting                    Tmut/Pois      100%       1d8       1%          1
 Ensorcelled Hibernation  Hex/Ice        86%        N/A       1%          2
 Poisonous Vapours        Pois/Air       100%       N/A       1%          2
 Static Discharge         Conj/Air       72%        3-12/arc  1%          2
 Mephitic Cloud           Conj/Pois/Air  63%        N/A       1%          3
 Ozocubu's Armour         Ice            59%        N/A       1%          3
 Spider Form              Tmut/Pois      80%        N/A       1%          3
 Stone Arrow              Conj/Erth      100%       3d13      1%          3
 Corpse Rot               Necr/Pois/Air  63%        N/A       1%          4
 Leda's Liquefaction      Hex/Erth       33%        N/A       1%          4
 Passage of Golubria      Tloc           90%        N/A       1%          4
 Lee's Rapid Deconstruct  Erth           46%        3d23*     1%          5
 Lightning Bolt           Conj/Air       36%        1d54      1%          5
 Silence                  Hex/Air        36%        N/A       1%          5
 Yara's Violent Unravell  Hex/Tmut       38%        3d15      1%          5
 Summon Forest            Summ/Tloc      32%        N/A       3%          5
 Summon Guardian Golem    Hex/Summ       21%        N/A       4%          3
 Tukima's Dance           Hex            21%        N/A       4%          3
 Summon Ice Beast         Ice/Summ       43%        N/A       4%          4
 Eringya's Noxious Bog    Tmut/Pois      40%        N/A       4%          6
 Olgreb's Toxic Radiance  Pois           38%        N/A       6%          4
 Conjure Ball Lightning   Conj/Air       36%        3x3d12    10%         6
 Anguish                  Hex/Necr       10%        N/A       14%         4
 Dispel Undead            Necr           21%        3d11      14%         4
 Sticky Flame             Conj/Fire      21%        2d4       14%         4
 Metabolic Englaciation   Hex/Ice        21%        N/A       14%         5
 Maxwell's Capacitive Co  Air            50%        ∞         21%         8
 Fireball                 Conj/Fire      10%        3d6       36%         5
 Iskenderun's Battlesphe  Conj           21%        2d7       36%         5
 Summon Mana Viper        Hex/Summ       21%        N/A       36%         5
 Simulacrum               Ice/Necr       21%        N/A       61%         6
 Summon Cactus Giant      Summ           10%        N/A       91%         6
 Orb of Destruction       Conj           10%        9d6       100%        7
 Spellforged Servitor     Conj/Summ      10%        N/A       100%        7
 Summon Hydra             Summ           10%        N/A       100%        7
 Lehudib's Crystal Spear  Conj/Erth      33%        10d9      100%        8
 Chain Lightning          Conj/Air       36%        3d48      100%        9
 Fire Storm               Conj/Fire      10%        8d3       100%        9
 Shatter                  Erth           46%        3d36*     100%        9


Dungeon Overview and Level Annotations

Branches:
Dungeon (15/15) Zot: 38211 Temple (1/1) D:5 Zot: 8832 Lair (6/6) D:9 Zot: 35263 Swamp (4/4) Lair:3 Zot: 28152 Snake (4/4) Lair:4 Zot: 25242 Slime (5/5) Lair:5 Zot: 36913 Orc (2/2) D:11 Zot: 15360 Elf (0/3) Orc:2 Vaults (0/5) D:12 D:13 Depths (4/4) D:15 Zot: 29054 Zot (5/5) Depths:4 Zot: 39311 Bailey (visited)

Altars:
Ashenzari
Cheibriados
Dithmenos
Elyvilon
Fedhas
Gozag
Hepliaklqana
Kikubaaqudgha
Makhleb
Nemelex Xobeh
Okawaru
Qazlal
Ru
Sif Muna
Trog
Uskayaw
Vehumet
Wu Jian
Xom
Yredelemnul
Zin
The Shining One

Shops:
D:6 *   D:11 [   D:15 [   Orc:2 ?![(   Depths:1 [*

Portals:
Hell: Depths:1
Abyss: Depths:2
Pandemonium: Depths:2
Ziggurat: Depths:1
Trove: D:12 (show slimy rune of Zot)

Annotations:
D:4 Blork the orc, Menkaure
D:14 exclusions: deep elf pyromancer and 1 more exclusion, Jorgrun
Swamp:4 2 transporters, chrisa4242's ghost, adept GnWn
Snake:1 Roxanne
Snake:4 Vashnia
Depths:2 Parghit


Innate Abilities, Weirdness & Mutations

You are a lightning-filled tempest!
Your electrical attacks strike out in all directions at once.
You are incredibly evasive.
Your insubstantial body is immune to petrification, constriction, and being set on fire You are flying.
You are immune to poison.
Your armour is entirely melded.
You are incapable of wielding weapons or throwing items.
You cannot wear most types of armour.
You are amphibious.
You can wear up to eight rings at the same time.
((Your skin changes colour to match your surroundings (Stealth+).))
((Your rubbery body absorbs attacks. (AC +1, EV +1)))
((You are camouflaged when in or above water. (Stealth+)))
((You have tentacles for arms and can constrict up to eight enemies at once.))
You possess an exceptional clarity of mind.
You are clumsy. (Dex -2)
Your body sometimes deteriorates upon taking damage.
You are robust. (+10% HP)


Message History

The red draconian misses you. The red draconian barely misses you.
You hit the red draconian but do no damage.
The red draconian is severely wounded.
You hit the red draconian.
Lightning courses through the red draconian!
You are engulfed in blazing flames.
The red draconian completely misses you.
The red draconian breathes fire at you. The searing blast misses you.
You batter the red draconian!!
The red draconian is almost dead.
You blast the red draconian!!!
You are engulfed in blazing flames.
* * * LOW HITPOINT WARNING * * *
Space momentarily warps into an impossible shape!
You completely miss the red draconian. You batter the red draconian!!
You kill the red draconian!
Cheibriados appreciates the change of pace.
You are engulfed in blazing flames.
* * * LOW HITPOINT WARNING * * *
The red draconian barely misses you.
Your Stealth skill increases to level 11!
Space momentarily warps into an impossible shape!
You blast the red draconian!!!!
You kill the red draconian!
Cheibriados thoroughly appreciates the change of pace.
You feel your intelligence returning.
You see here a +0 short sword.
The red draconian scorcher roars!
The red draconian scorcher points at you and mumbles some strange words.
The fireball explodes!
The fireball engulfs you!!
* * * LOW HITPOINT WARNING * * *
Your body deteriorates!
You feel dopey.
You fail to use your ability.
The red draconian scorcher breathes fire at you.
The searing blast hits you.
* * * LOW HITPOINT WARNING * * *
You fail to use your ability.
The red draconian scorcher casts a spell at you.
The sphere of damnation explodes!
The damnation engulfs you!!
You die...

,,,,,,,,,** *,,,,,,....,,,,,*
****#####* ******##)#*******
##...# #○.# ##....# #.##
##.....## #.# ##.......######
##.#### #........##...# #)....#
.....#.⌠.##...######))...########
..............q.v..§.............
...<.........................^...
..###################...#########
...# #...# # ...# ##### ## ...#
#. ######## ##. #...⌠.# ###..
##.....# ######### #....


You could see a red draconian scorcher (catching breath).

Vanquished Creatures
  the Royal Jelly (Slime:5)
  A juggernaut (Depths:2)
  A Killer Klown (Zot:3)
  3 curse toes
  A caustic shrike (Depths:2)
  4 golden dragons
  9 tentacled monstrosities
  An electric golem (Zot:2)
  Rupert (D:13)
  5 Orb Guardians (Zot:5)
  3 liches
  2 titans (Depths:2)
  4 quicksilver dragons
  16 acid blobs
  2 sphinxes
  4 death cobs
  2 thorn hunters
  5 storm dragons
  A tengu reaver (Depths:4)
  2 draconian monks
  5 nagarajas
  A daeva (Depths:1)
  6 shadow dragons
  Donald (Snake:4)
  A draconian knight (Zot:1)
  16 azure jellies
  20 rockslimes
  An orc warlord (Orc:2)
  5 fire giants (Depths:2)
  6 frost giants
  An angel (Depths:1)
  5 draconian scorchers (Zot:2)
  4 draconian shifters
  3 draconian annihilators
  4 draconian stormcallers
  3 ghouls
  2 spriggan defenders
  4 very ugly things
  6 stone giants
  8 black draconians
  21 quicksilver oozes
  A vampire knight (Depths:1)
  6 white draconians
  Nessos (Orc:2)
  4 green draconians
  2 pale draconians (Depths:4)
  4 eleionomae
  2 purple draconians
  12 red draconians
  2 bunyips (Swamp:4)
  An entropy weaver (shapeshifter) (D:14)
  2 dire elephants
  A spark wasp (Depths:1)
  10 yellow draconians
  4 ettins
  2 fire dragons
  A shambling mangrove (Swamp:3)
  6 great orbs of eyes
  6 ice dragons
  2 salamander tyrants (Snake:4)
  A quicksilver dragon skeleton (Depths:2)
  5 rakshasas
  3 spriggan air magi
  3 ghost crabs
  24 hydras
  Erolcha (D:12)
  8 anacondas
  5 ogre magi
  2 boulder beetles (D:11)
  24 two-headed ogres
  6 naga warriors
  7 centaur warriors
  4 catoblepae
  11 death yaks (Lair:6)
  6 deep troll shamans
  6 alligators
  8 tengu warriors
  3 deep troll earth magi (Depths:2)
  7 spriggan berserkers (Depths:2)
  8 naga sharpshooters
  5 shock serpents
  Urug (D:13)
  A vampire mage (Depths:2)
  A hell knight (Depths:1)
  2 storm dragon zombies (Depths:2)
  2 iron trolls (Depths:2)
  5 goliath frogs
  2 spriggan druids
  A glowing orange brain (Depths:1)
  8 salamander mystics
  6 deep trolls
  A sea snake (Snake:2)
  11 swamp dragons
  9 bog bodies
  2 orc knights (Orc:1)
  5 naga ritualists
  Pikel (D:5)
  2 flayed ghosts
  3 lindwurms (Swamp:4)
  A necromancer (Depths:2)
  A wizard (D:13)
  2 deep elf pyromancers
  A salamander (shapeshifter) (D:12)
  7 mana vipers
  6 will-o-the-wisps
  10 ugly things
  5 cyclopes
  4 orc sorcerers (Orc:1)
  4 shining eyes
  12 salamanders
  4 guardian serpents (Snake:4)
  6 manticores
  4 moths of wrath
  14 elephants
  A rust devil (Depths:2)
  14 naga magi
  34 black mambas
  2 eyes of devastation
  2 gargoyles
  14 cane toads
  A storm dragon simulacrum (Depths:2)
  4 rime drakes
  2 efreet
  A kobold demonologist (D:11)
  A yaktaur (D:11)
  2 freezing wraiths (D:15)
  2 unseen horrors
  2 tengu conjurers
  A guardian mummy (D:12)
  5 komodo dragons
  2 bloated husks (Swamp:2)
  15 trolls
  A polar bear (Lair:6)
  Prince Ribbit (D:5)
  3 meliai (D:15)
  9 tyrant leeches
  A dream sheep (shapeshifter) (Depths:2)
  A meliai (shapeshifter) (Depths:2)
  18 hornets
  48 slime creatures
  34 blink frogs
  10 water elementals (Depths:1)
  A vampire (D:12)
  2 shadows (D:11)
  8 wraiths
  37 yaks
  Eustachio (D:5)
  11 fire elementals (Zot:2)
  16 spriggans
  3 wyverns
  5 basilisks
  6 golden eyes
  16 humans
  3 steam dragons (Depths:4)
  A redback (shapeshifter) (D:11)
  25 vampire mosquitoes
  15 swamp worms
  A glowing shapeshifter zombie (Depths:2)
  22 nagas
  4 wargs
  15 water moccasins
  6 acid dragons
  2 ice beasts
  8 swamp drakes
  18 orc warriors
  A sky beast (D:7)
  5 black bears
  33 wolves
  23 ogres
  6 centaurs
  2 lemures (D:5)
  2 phantoms
  4 kobold brigands
  10 bullfrogs
  9 gnoll sergeants
  2 necrophages
  2 scorpions
  A wight (D:7)
  11 killer bees
  7 howler monkeys
  9 orc priests
  3 jellies
  3 hounds
  7 gnoll boudas (Bailey)
  2 iguanas
  23 orc wizards
  12 hell rats
  2 centaur simulacra
  23 gnolls
  4 adders
  A shadow imp (D:7)
  A howler monkey simulacrum (D:8)
  4 white imps
  2 ufetubi
  2 worms
  2 dart slugs (D:2)
  67 orcs
  2 ball pythons
  14 bats
  4 endoplasms
  6 giant cockroaches
  13 hobgoblins
  5 jackals
  9 frilled lizards
  6 goblins
  27 kobolds
  8 rats
  7 briar patches
  5 foxfires (Swamp:1)
1399 creatures vanquished.

Vanquished Creatures (collateral kills)
  A phantom (D:4)
  2 howler monkeys (D:7)
  A jelly (D:4)
  A kobold (D:4)
5 creatures vanquished.

Vanquished Creatures (others)
  An angel (D:10)
  A tyrant leech (Swamp:3)
  2 bloated husks (Swamp:1)
  A naga (Snake:4)
  A water moccasin (D:7)
  A scorpion (D:6)
  A gnoll sergeant (D:8)
  A wight (D:7)
  A howler monkey (D:8)
  An orc (D:4)
  An endoplasm (D:4)
  3 briar patches (Swamp:2)
  A bush (Lair:4)
  19 foxfires
  43 fungi
  89 plants
167 creatures vanquished.

Grand Total: 1571 creatures vanquished

Notes
Turn   | Place    | Note
-------+----------+-------------------------------------------
     0 | D:1      | buhh the Octopode Transmuter began the quest for the Orb.
     0 | D:1      | Reached XP level 1. HP: 13/13 MP: 3/3
   387 | D:1      | Reached XP level 2. HP: 18/18 MP: 3/5
   788 | D:2      | Reached XP level 3. HP: 8/23 MP: 3/6
  1538 | D:2      | Reached XP level 4. HP: 10/29 MP: 7/7
  2523 | D:3      | Found a faded altar of an unknown god.
  3148 | D:3      | Learned a level 2 spell: Wereblood
  3152 | D:3      | Learned a level 3 spell: Spider Form
  3267 | D:3      | Found an ornate altar of the Wu Jian Council.
  3267 | D:3      | Found an ancient bone altar of Kikubaaqudgha.
  3473 | D:3      | Reached XP level 5. HP: 34/34 MP: 6/8
  3820 | D:4      | Noticed Blork the orc
  3975 | D:4      | Noticed a phantom
  3983 | D:4      | Killed a phantom
  3984 | D:4      | Reached XP level 6. HP: 34/42 MP: 9/9
  4633 | D:4      | Noticed Menkaure
  4784 | D:4      | Found a white marble altar of Elyvilon.
  4880 | D:5      | Entered Level 5 of the Dungeon
  4961 | D:5      | Found a bloodstained altar of Trog.
  4963 | D:5      | Found a blossoming altar of Fedhas.
  4963 | D:5      | Found a shadowy altar of Dithmenos.
  4964 | D:5      | Found a burning altar of Makhleb.
  4976 | D:5      | Noticed an ice beast
  4990 | D:5      | Killed an ice beast
  4991 | D:5      | Reached XP level 7. HP: 47/47 MP: 4/10
  5108 | D:5      | Reached skill level 5 in Unarmed Combat
  5349 | D:5      | Noticed Pikel
  5875 | D:5      | Reached skill level 5 in Dodging
  5937 | D:5      | Killed Pikel
  5938 | D:5      | Reached XP level 8. HP: 56/57 MP: 4/11
  6244 | D:5      | Noticed Eustachio
  6428 | D:5      | Noticed Prince Ribbit
  6435 | D:5      | Killed Eustachio
  6436 | D:5      | Reached skill level 3 in Transmutations
  6444 | D:5      | Killed Prince Ribbit
  6445 | D:5      | Reached skill level 4 in Transmutations
  6590 | D:5      | Found a staircase to the Ecumenical Temple.
  6600 | Temple   | Entered the Ecumenical Temple
  6699 | Temple   | Became a worshipper of Cheibriados the Contemplative
  6773 | D:6      | Reached skill level 5 in Transmutations
  6773 | D:6      | Reached XP level 9. HP: 62/62 MP: 6/12
  7261 | D:6      | Identified the +6 short sword of Death's Door {drain,
                  | Will++}
  7306 | D:6      | Found Tejecicw's General Store.
  7338 | D:6      | Bought the ring "Tapa" {Dex+3 SInv} for 311 gold pieces
  7338 | D:6      | Bought a potion of heal wounds for 55 gold pieces
  7338 | D:6      | Bought a scroll of identify for 22 gold pieces
  7793 | D:6      | Reached * piety under Cheibriados
  9193 | D:7      | Reached skill level 5 in Ice Magic
  9198 | D:7      | Learned a level 4 spell: Ice Form
  9277 | D:7      | Reached skill level 6 in Transmutations
  9726 | D:8      | Reached ** piety under Cheibriados
  9983 | D:8      | Reached skill level 7 in Transmutations
 10201 | D:8      | Reached XP level 10. HP: 68/68 MP: 9/13
 10673 | D:8      | Reached skill level 8 in Transmutations
 10679 | D:8      | Reached *** piety under Cheibriados
 11191 | D:9      | Found a staircase to the Lair.
 11250 | D:9      | Reached skill level 9 in Transmutations
 11436 | D:9      | Reached skill level 10 in Transmutations
 12064 | D:9      | Found a sparkling altar of Nemelex Xobeh.
 12141 | D:9      | Noticed a manticore
 12172 | Lair:1   | Entered Level 1 of the Lair of Beasts
 12244 | Lair:1   | Reached skill level 11 in Transmutations
 12249 | Lair:1   | Reached **** piety under Cheibriados
 12541 | Lair:1   | Reached XP level 11. HP: 72/72 MP: 10/14
 13078 | Lair:1   | Learned a level 2 spell: Passwall
 13117 | Lair:2   | Reached skill level 12 in Transmutations
 13356 | Lair:2   | Noticed a five-headed hydra
 13362 | Lair:2   | Killed a five-headed hydra
 13594 | Lair:2   | Reached ***** piety under Cheibriados
 14223 | Lair:2   | Identified the +1 pair of gloves "Ditoacett" {Fly Str-4
                  | Stlth+}
 14537 | Lair:3   | Reached skill level 5 in Earth Magic
 14888 | Lair:3   | Reached XP level 12. HP: 57/79 MP: 12/15
 15309 | Lair:3   | Found a staircase to the Swamp.
 15753 | Lair:4   | Reached skill level 5 in Invocations
 16064 | Lair:4   | Reached skill level 8 in Earth Magic
 16723 | Lair:4   | Found a staircase to the Snake Pit.
 17036 | Lair:5   | Reached skill level 10 in Earth Magic
 17566 | Lair:5   | Learned a level 6 spell: Statue Form
 17819 | Lair:5   | Found a staircase to the Slime Pits.
 17851 | Lair:5   | Reached XP level 13. HP: 83/83 MP: 10/16
 18344 | Lair:6   | Entered Level 6 of the Lair of Beasts
 18662 | Lair:6   | Reached ****** piety under Cheibriados
 19196 | Lair:6   | Reached skill level 13 in Transmutations
 19294 | Lair:6   | Reached skill level 8 in Invocations
 19368 | Lair:6   | Reached XP level 14. HP: 90/90 MP: 21/21
 19539 | Lair:6   | Reached skill level 10 in Invocations
 19544 | Lair:6   | Noticed a dire elephant
 19963 | Lair:6   | Killed a dire elephant
 20692 | D:10     | Entered Level 10 of the Dungeon
 20704 | D:10     | Found a flagged portal.
 20722 | Bailey   | Entered a bailey
 21220 | D:10     | Noticed an angel
 21221 | D:10     | Found a glowing silver altar of Zin.
 21221 | D:10     | Found a shimmering altar of Xom.
 21492 | D:10     | Found a broken altar of Ashenzari.
 21535 | D:10     | Killed an angel
 22005 | D:11     | Found a staircase to the Orcish Mines.
 22102 | D:11     | Identified the +7 trident of Evil {venom, +Blink rPois rN+}
 22478 | D:11     | Reached skill level 5 in Air Magic
 22497 | D:11     | Identified the +2 great sword of the Evening {chaos, *Rage
                  | rC+ Str+4 Stlth+}
 23341 | D:11     | Reached skill level 8 in Air Magic
 23623 | D:11     | Identified the +0 scale mail "Ymanacs" {Dex+6}
 23756 | D:11     | Found Duadih's Antique Armour Shoppe.
 24028 | D:12     | Found a portal to a secret trove of treasure.
 24297 | D:12     | Reached XP level 15. HP: 94/94 MP: 18/24
 24551 | D:12     | Noticed Erolcha
 24552 | D:12     | Reached skill level 10 in Air Magic
 24564 | D:12     | Killed Erolcha
 24782 | D:12     | Found a shadowy altar of Dithmenos.
 25510 | Orc:1    | Entered Level 1 of the Orcish Mines
 25926 | Orc:2    | Entered Level 2 of the Orcish Mines
 26023 | Orc:2    | Found a staircase to the Elven Halls.
 26122 | Orc:2    | Noticed Nessos
 26140 | Orc:2    | Killed Nessos
 26309 | Orc:2    | Noticed an orc warlord
 26319 | Orc:2    | Killed an orc warlord
 26665 | Orc:2    | Paralysed by an ogre mage for 2 turns
 26869 | Orc:2    | Found Qyejoiha's Antique Armour Shop.
 26869 | Orc:2    | Found Imelus's Magic Scroll Emporium.
 26870 | Orc:2    | Found Synoudof's Antique Weapon Shoppe.
 26870 | Orc:2    | Found Cithosoa's Distillery.
 26901 | Orc:2    | Bought a potion of might for 68 gold pieces
 26901 | Orc:2    | Bought 2 potions of resistance for 340 gold pieces
 26901 | Orc:2    | Bought a potion of invisibility for 136 gold pieces
 26901 | Orc:2    | Bought a potion of magic for 136 gold pieces
 26901 | Orc:2    | Bought a potion of brilliance for 68 gold pieces
 26901 | Orc:2    | Bought a potion of heal wounds for 85 gold pieces
 26901 | Orc:2    | Bought a potion of curing for 51 gold pieces
 26901 | Orc:2    | Bought a potion of mutation for 136 gold pieces
 26901 | Orc:2    | Bought a potion of curing for 51 gold pieces
 26902 | Orc:2    | Bought a scroll of teleportation for 36 gold pieces
 26902 | Orc:2    | Bought a scroll of blinking for 90 gold pieces
 26902 | Orc:2    | Bought a scroll of magic mapping for 42 gold pieces
 26902 | Orc:2    | Bought a scroll of identify for 24 gold pieces
 26902 | Orc:2    | Bought a scroll of identify for 24 gold pieces
 26902 | Orc:2    | Bought a scroll of enchant armour for 90 gold pieces
 26902 | Orc:2    | Bought a scroll of fog for 24 gold pieces
 27007 | D:13     | Noticed Urug
 27007 | D:13     | Noticed Rupert
 27007 | D:13     | Found a gate to the Vaults.
 27161 | Swamp:1  | Entered Level 1 of the Swamp
 27603 | Swamp:1  | Reached XP level 16. HP: 99/99 MP: 25/25
 28003 | Swamp:1  | Found a snail-covered altar of Cheibriados.
 28776 | Snake:1  | Entered Level 1 of the Snake Pit
 29778 | Snake:1  | Noticed Roxanne
 33003 | D:12     | Reached skill level 8 in Unarmed Combat
 33123 | D:13     | Reached skill level 8 in Fighting
 33123 | D:13     | Reached skill level 8 in Dodging
 33169 | D:13     | Killed Urug
 33228 | D:13     | Killed Rupert
 34516 | D:14     | Reached XP level 17. HP: 109/109 MP: 20/26
 34821 | D:14     | Noticed Jorgrun
 34931 | D:15     | Entered Level 15 of the Dungeon
 35588 | D:15     | Found Vaideupt's Antique Armour Shoppe.
 35594 | D:15     | Reached skill level 5 in Translocations
 35620 | D:15     | Identified a scroll of acquirement
 35621 | D:15     | Acquired 849 gold pieces
 35717 | D:15     | Found a staircase to the Depths.
 36267 | Swamp:2  | Learned a level 7 spell: Storm Form
 37344 | Swamp:3  | Reached skill level 5 in Spellcasting
 37712 | Swamp:3  | Reached skill level 14 in Transmutations
 38770 | Swamp:4  | Entered Level 4 of the Swamp
 38807 | Swamp:4  | Reached skill level 15 in Air Magic
 39501 | Swamp:4  | Got Pieheum's Exposition on Fulgurant Congelation
 39647 | Swamp:4  | Reached XP level 18. HP: 106/116 MP: 21/27
 39890 | Swamp:4  | Got a decaying rune of Zot
 39995 | Swamp:4  | Found a bloodstained altar of Trog.
 39996 | Swamp:4  | Noticed chrisa4242's ghost (adept GnWn)
 40045 | Swamp:4  | Found a transporter.
 40049 | Swamp:4  | Found a transporter.
 40089 | Swamp:4  | Reached skill level 8 in Translocations
 40625 | Snake:3  | Reached skill level 15 in Transmutations
 41674 | Snake:4  | Entered Level 4 of the Snake Pit
 41920 | Snake:4  | Noticed Donald
 41925 | Snake:4  | Reached skill level 8 in Spellcasting
 41926 | Snake:4  | Noticed Vashnia
 42402 | Snake:4  | Killed Donald
 42919 | Snake:4  | Got a serpentine rune of Zot
 43143 | Lair:5   | Learned a level 5 spell: Manifold Assault
 43145 | Slime:1  | Entered Level 1 of the Pits of Slime
 43148 | Slime:1  | Reached skill level 10 in Translocations
 43295 | Slime:1  | Paralysed by a great orb of eyes for 4 turns
 43304 | Slime:1  | Reached skill level 16 in Transmutations
 43307 | Slime:1  | Reached XP level 19. HP: 121/121 MP: 8/32
 44564 | Slime:5  | Entered Level 5 of the Pits of Slime
 44584 | Slime:5  | Noticed the Royal Jelly
 45187 | Slime:5  | Reached skill level 10 in Spellcasting
 46296 | Slime:5  | Gained mutation: Potions are less effective at restoring
                  | your health. [a shining eye]
 46304 | Slime:4  | Lost mutation: Potions are less effective at restoring your
                  | health. [potion of mutation]
 46304 | Slime:4  | Gained mutation: Your body sometimes deteriorates upon
                  | taking damage. [potion of mutation]
 46304 | Slime:4  | Gained mutation: You possess an exceptional clarity of
                  | mind. [potion of mutation]
 46304 | Slime:4  | Gained mutation: You are robust. (+10% HP) [potion of
                  | mutation]
 46361 | Slime:5  | Gained mutation: You are clumsy. (Dex -2) [a shining eye]
 47055 | Slime:5  | Killed the Royal Jelly
 47056 | Slime:5  | Reached skill level 17 in Transmutations
 47288 | Slime:5  | Found the +10 tower shield of Ignorance {rN+ Int-4}
 47302 | Slime:5  | Identified the +2 helmet of Hepliaklqana's Pride {Dex+3
                  | SInv}
 47309 | Slime:5  | Acquired the +1 hat of Xeighane {rF++}
 47367 | Slime:5  | Got a slimy rune of Zot
 47389 | Slime:5  | Identified the +1 robe of Love and Death {Str+3}
 47401 | Slime:5  | Identified the +10 morningstar of the Heavens {drain, rC-
                  | Int+9 Dex+3}
 47431 | Slime:5  | Identified the +7 morningstar "Thing" {vorpal, Str+4}
 47486 | Slime:5  | Identified the +5 trident "Killer Bee's Death" {flame,
                  | Will+ Dex+3}
 47828 | Depths:1 | Entered Level 1 of the Depths
 48255 | Depths:1 | Noticed a tentacled monstrosity
 48263 | Depths:1 | Killed a tentacled monstrosity
 48720 | Depths:1 | Found a one-way gateway to a ziggurat.
 49012 | Depths:1 | Reached XP level 20. HP: 125/141 MP: 10/34
 49208 | Depths:1 | Found Meonem's General Store.
 49208 | Depths:1 | Found Zacugits's Armour Emporium.
 49216 | Depths:1 | Bought a potion of brilliance for 56 gold pieces
 49216 | Depths:1 | Bought a scroll of teleportation for 42 gold pieces
 49273 | Depths:1 | Found a gateway to Hell.
 49912 | Depths:2 | Noticed a caustic shrike
 49950 | Depths:2 | Noticed a juggernaut
 49953 | Depths:2 | Reached skill level 5 in Stealth
 49955 | Depths:2 | Killed a caustic shrike
 49955 | Depths:2 | Killed a juggernaut
 50132 | Depths:2 | Reached skill level 10 in Fighting
 50132 | Depths:2 | Reached skill level 10 in Unarmed Combat
 50146 | Depths:2 | Reached skill level 10 in Dodging
 50676 | Depths:2 | Found a one-way gate leading to the halls of Pandemonium.
 51024 | Depths:2 | Found a one-way gate to the infinite horrors of the Abyss.
 51277 | Depths:2 | Found a broken altar of Ashenzari.
 51624 | Depths:3 | Noticed Parghit
 52285 | Depths:4 | Entered Level 4 of the Depths
 52289 | Depths:4 | Noticed a golden dragon
 52293 | Depths:4 | Killed a golden dragon
 52783 | Depths:4 | Identified the +1 ring mail "Usefaite" {+Inv rPois rCorr
                  | Str+2}
 52796 | Depths:4 | Reached XP level 21. HP: 154/154 MP: 11/35
 53000 | Depths:4 | Reached skill level 8 in Stealth
 53228 | Depths:4 | Noticed a golden dragon
 53236 | Depths:4 | Killed a golden dragon
 53284 | Depths:4 | Found a gate to the Realm of Zot.
 53294 | Zot:1    | Entered Level 1 of the Realm of Zot
 53294 | Zot:1    | Noticed a golden dragon
 53298 | Zot:1    | Killed a golden dragon
 53596 | Zot:2    | Noticed a golden dragon
 53599 | Zot:2    | Killed a golden dragon
 54769 | Zot:2    | Reached skill level 10 in Stealth
 55066 | Zot:3    | Noticed a Killer Klown
 55069 | Zot:3    | Killed a Killer Klown
 55140 | Zot:4    | Noticed a curse toe
 55147 | Zot:4    | Killed a curse toe
 55172 | Zot:5    | Entered Level 5 of the Realm of Zot
 55172 | Zot:5    | Noticed a curse toe
 55178 | Zot:5    | Killed a curse toe
 55179 | Zot:5    | Reached XP level 22. HP: 133/167 MP: 4/36
 55848 | Zot:5    | Noticed a curse toe
 56101 | Zot:5    | Killed a curse toe
 56190 | Zot:5    | HP: 8/168 [red draconian scorcher/searing blast[a white
                  | draconian stormcaller] (6)]
 56191 | Zot:5    | Killed from afar by a red draconian scorcher

Illustrated notes

Levels and vault maps discovered:
D:1:      dpeg_arrival_arbitrary_a, layout_basic, interstate_on_off,
          hex_intersection, due_unseen_surprise
D:2:      minmay_recursive_quarters, layout_loops_ring, lexackson_kobold_supper
D:3:      layout_basic, minitemple,
          dreamdust_ecumenical_altar_hidden_monk_grotto, minmay_close_crescents
D:4:      layout_loops_cross, elyvilon_altar_5, serial_shops,
          nicolae_shop_bloodbath_and_beyond, uniq_blork_the_orc, uniq_menkaure
D:5:      layout_loops_ring, grunt_temple_overflow_open,
          minmay_temple_entry_butterflies, uniq_eustachio, uniq_prince_ribbit1,
          uniq_pikel
D:6:      layout_basic, serial_shops, nicolae_shop_crystal,
          roderic_serpentine_path, minmay_misc_feat_pillars, roderic_batcave,
          palyth_stone_intersect
D:7:      layout_basic, corexii_leaking_fountain, mrwooster_statue_mirror,
          minmay_liquid_box
D:8:      layout_loops_corners, serial_ice, serial_ice_e, serial_ice_c,
          serial_ice_g, serial_ice_o, serial_ice_d, serial_ice_f,
          lemuel_flame_loot_1
D:9:      layout_rooms, nemelex_altar_shiori, lair_entry_dummy,
          kennysheep_generic_room_14
D:10:     layout_roguey, grunt_temple_overflow_order_and_chaos_1,
          mainiacjoe_overflow_tiny_flanked, enter_bailey_2
D:11:     minmay_the_grid_square_5x5_4x4 [minmay_the_grid_square_5x5_longway,
          minmay_the_grid_square_5x5_eight_small,
          minmay_the_grid_square_5x5_percent,
          minmay_the_grid_square_5x5_intrusive_squares,
          minmay_the_grid_square_5x5_minibox,
          minmay_the_grid_square_5x5_prize_waves,
          minmay_the_grid_square_5x5_prize_open, minmay_the_grid_square_5x5_meh,
          minmay_the_grid_square_5x5_inset,
          minmay_the_grid_square_5x5_prize_rear_guard,
          minmay_the_grid_square_5x5_prize_open, minmay_the_grid_square_5x5_two,
          minmay_the_grid_square_5x5_three_small,
          minmay_the_grid_square_5x5_n_small, minmay_the_grid_square_5x5_plus,
          minmay_the_grid_square_5x5_minimal], layout_stronghold, david_orc_2,
          serial_shops, shop, serial_bayou_pond_a, chequers_garden,
          hangedman_decor_slide_cut
D:12:     kennysheep_bubbly, layout_basic, nicolae_trove_entry_path_of_doom,
          nicolae_dithmenos_the_darkroom, uniq_erolcha
D:13:     layout_roguey, david_vaults_3
D:14:     layout_gridville, kennysheep_minor_cross, the_hattery, uniq_jorgrun
D:15:     hangedman_depths_entry_try_elsewhere_first, layout_cave_pools,
          serial_shops, nicolae_shop_trees, corexii_corridor_pit
Temple:   nicolae_temple_bog_church
Lair:1:   layout_cave_pods, uniq_urug
Lair:2:   layout_regular_city, grunt_forest_stairs_basic, grunt_megastairs_3
Lair:3:   layout_loops_ring, skrybe_swamp_entry_bodies
Lair:4:   layout_loops_ring, minmay_snake_entry_guardpost_medium,
          nicolae_lair_grove_arrangements
Lair:5:   layout_hall_layers, minmay_slime_entry_pillars
Lair:6:   grunt_lair_end_beastmaster, layout_misc_corridors, grunt_megastairs_5,
          infiniplex_staircase_pool_2
Swamp:1:  layout_basic_swamp, basic_altar, swamp_pool1
Swamp:2:  layout_falls_marsh, serial_swamp_ruin, evilmike_swamp_ruin_house_2,
          evilmike_swamp_ruin_house_1
Swamp:3:  layout_falls_marsh, evilmike_swamp_ruin_rubble_2
Swamp:4:  swamp_alternative, layout_basic_swamp,
          gammafunk_ghost_wrathful_warriors, swamp_pool3, nicolae_swamp_treefoil
Snake:1:  layout_grid_maze, uniq_roxanne
Snake:2:  layout_onion_interference, serial_bayou_pond_b
Snake:3:  kennysheep_six_static_rooms, layout_rooms, grunt_ministairs_5,
          nicolae_snake_round_shape_thing
Snake:4:  johnstein_snake_rune_scales, layout_cave_town, uniq_donald
Slime:1:  layout_caves
Slime:2:  layout_caves, nicolae_slime_barrier
Slime:3:  layout_caves
Slime:4:  layout_caves
Slime:5
Orc:1:    layout_caves
Orc:2:    st_orc_ogre_mass, layout_caves, basic_altar, uniq_nessos
Depths:1: layout_cave_pools, enter_ziggurat_d, hell_entry,
          serial_bayou_lagoon_a, evilmike_minifort, kennysheep_random_hallway,
          minmay_shoptagon
Depths:2: nicolae_legendary_halls, layout_cave_shapes, abyss_entry,
          cheibrodos_ashenzari_chains, rand_demon_pan_entry_8,
          nicolae_hell_entry_big_baal_hell
Depths:3: kennysheep_large_vault, layout_cave_pools, lightli_too_deep,
          reono_crystal_passage, serial_sigils, serial_sigils_hangedman_confine,
          serial_sigils_hangedman_gut, serial_sigils_hangedman_stare,
          serial_sigils_hangedman_quiver, abyss_entry_small_statue_room,
          uniq_parghit
Depths:4: evilmike_zot_entry_gauntlet, layout_cave_pools,
          hangedman_tar_grid_catacomb
Zot:1:    layout_twisted_circle, drop_trap, grunt_megastairs_2
Zot:2:    lemuel_firehouse, layout_onion, lemuel_golem_globe
Zot:3:    layout_gridville, grunt_megastairs_1
Zot:4:    layout_concentric_octagons, drop_trap
Zot:5:    layout_misc_corridors

Skill      XL: |  1  2  3  4  5  6  7  8  9 10 11 12 13 14 15 16 17 18 19 20 21 22 |
---------------+-------------------------------------------------------------------+-----
Stealth        | 1 2 3 7 10 11 | 11.0
Poison Magic   | 1 2 |  2.0
Fighting       | 2 3 6 8 9 11 13 | 13.4
Dodging        | 3 4 5 6 8 9 11 12 13 | 13.4
Unarmed Combat | 4 6 8 9 11 12 13 | 13.4
Transmutations | 5 7 11 12 13 14 16 17 | 17.0
Ice Magic      | 1 5 |  5.0
Evocations     | 3 |  3.0
Air Magic      | 1 4 9 14 15 | 15.0
Earth Magic    | 5 11 13 | 13.0
Invocations    | 3 5 9 13 | 13.0
Translocations | 1 4 7 10 12 | 12.0
Spellcasting   | 3 6 9 10 | 10.0
Shields        | 2 |  2.0

Action                   |  1- 3 |  4- 6 |  7- 9 | 10-12 | 13-15 | 16-18 | 19-21 | 22-24 || total
-------------------------+-------+-------+-------+-------+-------+-------+-------+-------++-------
Melee: Unarmed           |    72 |   134 |   255 |   448 |   693 |   771 |   947 |    86 ||  3406
       Kick              |    17 |    24 |       |       |       |       |       |       ||    41
       Constrict         |    17 |    22 |     8 |     4 |   113 |    67 |       |       ||   231
       Tentacles         |    10 |     8 |     4 |     8 |   228 |   144 |       |       ||   402
       Punch             |     2 |     2 |     2 |     3 |    54 |    53 |     9 |       ||   125
       Staff             |       |       |       |       |       |       |     4 |       ||     4
 Cast: Beastly Appendage |    24 |    33 |     2 |       |       |       |       |       ||    59
       Spider Form       |       |    10 |    28 |       |       |       |       |       ||    38
       Wereblood         |       |     1 |     1 |    11 |     9 |     3 |       |       ||    25
       Ice Form          |       |       |     4 |    57 |       |       |       |       ||    61
       Statue Form       |       |       |       |     3 |   120 |   108 |       |       ||   231
       Storm Form        |       |       |       |       |       |    79 |   124 |    10 ||   213
       Manifold Assault  |       |       |       |       |       |     5 |   500 |    31 ||   536
Invok: Slouch            |       |       |       |     3 |    10 |     2 |       |       ||    15
       Step From Time    |       |       |       |       |     4 |     8 |     3 |     1 ||    16
 Abil: End Transformatio |       |       |     1 |       |       |       |       |       ||     1
       Blinkbolt         |       |       |       |       |       |     1 |     1 |       ||     2
Evoke: Wand              |       |     7 |    17 |     3 |     2 |     3 |       |       ||    32
       Tin of tremorston |       |       |       |       |       |     2 |     1 |       ||     3
       Box of beasts     |       |       |       |       |       |       |     1 |       ||     1
       Phial of floods   |       |       |       |       |       |       |     1 |       ||     1
       Condenser vane    |       |       |       |       |       |       |     1 |       ||     1
  Use: Potion            |     2 |       |     6 |     5 |     7 |     3 |     8 |     3 ||    34
       Scroll            |       |       |     9 |     2 |    12 |    19 |     6 |     1 ||    49
 Stab: Sleeping          |    11 |    12 |     3 |     3 |     3 |    13 |     1 |       ||    46
       Petrified         |       |       |       |       |     7 |       |       |       ||     7
       Distracted        |       |       |       |       |     1 |     3 |       |       ||     4
Armor: Skin              |    13 |     9 |    17 |   123 |   368 |   257 |    39 |     2 ||   828
Dodge: Dodged            |    36 |    84 |   240 |   477 |  1717 |  1709 |   447 |    37 ||  4747
Block: Buckler           |       |       |       |       |       |   152 |       |       ||   152

Table legend: (Time is in decaauts)
 A = Elapsed time spent in this place.
 B = Non-inter-level travel time spent in this place.
 C = Inter-level travel time spent in this place.
 D = Time resting spent in this place.
 E = Time spent auto-exploring this place.
 F = Levels seen in this place.
 G = Mean time per level.
                   A        B        C        D        E       F      G
               +--------+--------+--------+--------+--------+-----+--------+
         Total |  79267 |  73112 |   6155 |  15604 |  43663 |  47 | 1686.5 |
       Dungeon |  27605 |  25301 |   2304 |   2446 |  18796 |  15 | 1840.3 |
        Temple |    118 |     99 |     19 |      0 |     80 |   1 |  118.0 |
          Lair |  13961 |  12587 |   1374 |   1230 |   9592 |   6 | 2326.8 |
         Swamp |   7841 |   7451 |    390 |   2195 |   3053 |   4 | 1960.2 |
     Snake Pit |  10756 |   9811 |    945 |   1838 |   6439 |   4 | 2689.0 |
    Slime Pits |   5255 |   4736 |    519 |   2505 |    956 |   5 | 1051.0 |
  Orcish Mines |   2640 |   2477 |    163 |    262 |   1601 |   2 | 1320.0 |
        Depths |   6946 |   6508 |    438 |   3026 |   2337 |   4 | 1736.5 |
           Zot |   3331 |   3331 |      0 |   2100 |    257 |   5 |  666.2 |
        Bailey |    811 |    811 |      0 |      0 |    550 |   1 |  811.0 |
               +--------+--------+--------+--------+--------+-----+--------+

Top non-repeatable levels by time:
 Snake:1: 4287 daAuts
    D:12: 3461 daAuts
    D:11: 3348 daAuts
Depths:1: 3196 daAuts
 Snake:2: 3171 daAuts
  Lair:6: 3141 daAuts
  Lair:5: 2859 daAuts
 Swamp:2: 2437 daAuts
Depths:2: 2382 daAuts
  Lair:4: 2365 daAuts
 Snake:3: 2330 daAuts
 Slime:4: 2300 daAuts
  Lair:2: 2281 daAuts
 Swamp:1: 2173 daAuts
     D:8: 2138 daAuts
